 Dungeon Crawl Stone Soup version 0.23.1 (webtiles) character file.

Game seed: 7416703008097364044

24 Borgoz the Sneak (level 3, -2/26 HPs)
             Began as a Ghoul Enchanter on Mar 13, 2019.
             Slain by a kobold
             ... wielding a +0 short sword
              (4 damage)
             ... on level 2 of the Dungeon.
             The game lasted 00:01:38 (1375 turns).

Borgoz the Sneak (Ghoul Enchanter)                  Turns: 1375, Time: 00:01:39

Health: -2/26      AC:  2    Str: 11    XL:     3   Next: 2%
Magic:  4/4        EV: 12    Int: 10    God:
Gold:   39         SH:  0    Dex: 10    Spells: 4/5 levels left

rFire    . . .     SeeInvis .   a - +1 dagger
rCold    + . .     Gourm    .   (no shield)
rNeg     + + +     Faith    .   b - +0 robe
rPois    ∞         Spirit   .   (no helmet)
rElec    .         Reflect  .   (no cloak)
rCorr    .         Harm     .   (no gloves)
MR       .....                  (no boots)
Stlth    ++........             (no amulet)
HPRegen  0.00/turn              (no ring)
MPRegen  0.09/turn              (no ring)

@: rotting
A: rotting body, claws 1, carnivore, cold resistance 1, negative energy
resistance 3, inhibited regeneration, torment resistance, unbreathing
a: no special abilities


You were on level 2 of the Dungeon.
You were not hungry.

You visited 1 branch of the dungeon, and saw 2 of its levels.

You collected 39 gold pieces.

Inventory:

Hand Weapons
 a - a +1 dagger (weapon)
Missiles
 h - 6 javelins (quivered)
Armour
 b - a +0 robe (worn)
Scrolls
 f - a scroll of enchant weapon {unknown}
 g - a scroll of blinking {unknown}
 i - a scroll of amnesia {unknown}
 k - a scroll of teleportation {unknown}
Potions
 c - a potion of haste
Comestibles
 d - 2 rations


   Skills:
 * Level 1.6 Short Blades
 * Level 1.1 Armour
 + Level 2.0 Dodging
 + Level 3.5 Stealth
 - Level 1.7 Spellcasting
 - Level 2.4 Hexes


You had 4 spell levels left.
You knew the following spells:

 Your Spells              Type           Power        Failure   Level  Hunger
a - Corona                Hex            #......      12%         1    ##.....

Your spell library contained the following spells:

 Spells                   Type           Power        Failure   Level  Hunger
 Ensorcelled Hibernation  Hex/Ice        #.....       30%         2    ###....
 Confuse                  Hex            #.......     34%         3    ####...
 Tukima's Dance           Hex            #.......     34%         3    ####...
 Dazzling Spray           Conj/Hex       #.....       52%         3    ####...


Dungeon Overview and Level Annotations

Branches:
Dungeon (2/15)

Altars:


Innate Abilities, Weirdness & Mutations

Your body is rotting away.
You thrive on raw meat.
You are immune to poison.
You have sharp fingernails.
You are carnivorous and can eat meat at any time.
Your flesh is cold resistant. (rC+)
You are immune to negative energy. (rN+++)
You do not regenerate when monsters are visible.
You are immune to unholy pain and torment.
You can survive without breathing.


Message History

You feel yourself slow down.
You start resting.
Your resistance to elements expires.
You start resting.
A kobold comes into view. It is wielding a +0 short sword.
A kobold is nearby!
You hit the kobold but do no damage. The kobold closely misses you.
You closely miss the kobold. The kobold hits you but does no damage.
You hit the kobold but do no damage. The kobold misses you.
You hit the kobold.
The kobold is moderately wounded.
The kobold completely misses you.
You barely miss the kobold.
The kobold is moderately wounded.
The kobold hits you with a +0 short sword.
* * * LOW HITPOINT WARNING * * *
You hit the kobold but do no damage.
The kobold is moderately wounded.
The kobold hits you with a +0 short sword.
You die...

.. #. .. #. #. #.
# . #.######.###.
....#.(..........
#.........@K......
.>................
.....#..#####.###.
........# ..
........# ...
......... ..
##...##.# . #...
#.


You could see a kobold.

Vanquished Creatures
  4 dart slugs (D:1)
  A leopard gecko (D:1)
  2 bats (D:1)
  A goblin (D:1)
  2 hobgoblins (D:1)
  2 kobolds (D:1)
  A frilled lizard (D:1)
  3 rats (D:1)
16 creatures vanquished.

Notes
Turn   | Place    | Note
-------+----------+-------------------------------------------
     0 | D:1      | Borgoz the Ghoul Enchanter began the quest for the Orb.
     0 | D:1      | Reached XP level 1. HP: 14/14 MP: 2/2
    15 | D:1      | Reached skill level 1 in Short Blades
   365 | D:1      | Reached XP level 2. HP: 13/20 MP: 3/3
   747 | D:1      | Reached skill level 1 in Armour
   958 | D:1      | Reached XP level 3. HP: 26/26 MP: 4/4
  1375 | D:2      | Slain by a kobold

Skill      XL: |  1  2 |
---------------+-------+-----
Short Blades   | 1 |  1.6
Dodging        | 2 |  2.0
Armour         | 1 |  1.1
Stealth        | |  3.5
Spellcasting   | |  1.7
Hexes          | |  2.4

Action                   || total
-------------------------++-------
Melee: Dagger            ||    70
  Use: Potion            ||     2
 Stab: Sleeping          ||     3
  Eat: Chunk             ||     4
Armor: Robe              ||    13
Dodge: Dodged            ||    53
